 Dungeon Crawl Stone Soup version 0.17-a0-435-gc4df345 (webtiles) character file.

185 krae the Chopper (level 5, -2/46 HPs)
             Began as a Deep Dwarf Berserker on Apr 4, 2015.
             Was a Follower of Trog.
             Slain by a decayed bog body (5 damage)
             ... in an ossuary.
             The game lasted 00:02:40 (246 turns).

krae the Chopper (Deep Dwarf Berserker)              Turns: 246, Time: 00:02:41

Health: -2/46      AC:  2    Str: 21    XL:     5   Next: 37%
Magic:  5/5        EV: 12    Int:  7    God:    Trog [*.....]
Gold:   13         SH:  0    Dex: 13    Spells: 0 memorised, 4 levels left

rFire  . . .     SeeInvis .     a - +0 hand axe (curse)
rCold  . . .     Clarity  .     b - +0 animal skin
rNeg   . . .     SustAb   .     (no shield)
rPois  .         Gourm    .     (no helmet)
rElec  .         Spirit   .     (no cloak)
rCorr  .         Warding  .     (no gloves)
rMut   .         Stasis   .     (no boots)
MR     .....                    (no amulet)
Stlth  +.........               (no ring)
                                (no ring)

@: exhausted, flying, non-regenerating, slowed, very slow, not resistant to
hostile enchantments, very unstealthy
A: damage resistance, recharge devices, sense surroundings 1, slow healing 3
a: Device Recharging, Burn Spellbooks, Berserk, Renounce Religion


You were in an ossuary.
You worshipped Trog.
Trog was aware of your devotion.
You were hungry.

You visited 1 branch of the dungeon, and saw 4 of its levels.
You also visited: Ossuary.

You collected 13 gold pieces.


Innate Abilities, Weirdness & Mutations

You are resistant to damage.
You can recharge devices by infusing magical energy.
You passively map a small area around you.
You do not heal naturally.


   Skills:
 - Level 2.6 Fighting
 + Level 6.7 Axes
 - Level 2.1 Armour
 - Level 2.1 Dodging


You had 4 spell levels left.
You didn't know any spells.

Inventory:

Hand weapons
 a - a cursed +0 hand axe (weapon)
Armour
 b - a +0 animal skin (worn)
Magical devices
 c - a wand of heal wounds (1) {!d@v2}
Scrolls
 g - a scroll of random uselessness {unknown}
 h - a scroll of teleportation {unknown}
 i - a scroll of blinking {unknown}
 j - a scroll of fog {unknown}
Comestibles
 d - a bread ration

Dungeon Overview and Level Annotations

Branches:
Dungeon (4/15)
 Temple: D:4-7

Altars:

Annotations:
D:3 trelanon's ghost, average VSGl

####≈# * +*
≈....≈ ≈ ,
#≈≈.#####+ *
*P.≈#..∩# ≈
##M≈#.∩.# #
#.≈≈#...#.# *
#.##'##≈##≈##
≈
+.Z.nZ.≈≈.≈≈.≈
#'#M#g#≈≈.≈≈#
#.#.#.≈P≈.≈.≈P
*
########≈≈#≈≈
* ≈# ≈* # ≈ *≈
≈ * *


You could see a decayed bog body, a bat zombie and a quokka zombie.


Message History

The bat zombie hits you but does no damage.
You hit the decayed bog body.
The decayed bog body is moderately damaged.
You closely miss the bat zombie. The bat zombie hits you.
The bat zombie closely misses you. The bat zombie hits you.
The decayed bog body hits you.
The decayed bog body closely misses you.
The bat zombie closely misses you. The decayed bog body hits you!
* * * LOW HITPOINT WARNING * * *
The decayed bog body barely misses you.
Evoke which item? (* to show all) (? for menu, Esc to quit)
Zapping:
c - a wand of heal wounds (2) {!d@v2} You feel much better.
This wand has 1 charge left.
The bat zombie barely misses you. The bat zombie misses you.
The bat zombie hits you but does no damage.
The decayed bog body completely misses you.
The decayed bog body touches you. The decayed bog body freezes you.
The bat zombie barely misses you.
You barely miss the decayed bog body.
The decayed bog body is moderately damaged.
You slash the bat zombie! The bat zombie misses you. The bat zombie hits you.
The bat zombie barely misses you. The decayed bog body hits you!
* * * LOW HITPOINT WARNING * * *
The decayed bog body closely misses you.
The bat zombie barely misses you. The decayed bog body hits you!
* * * LOW HITPOINT WARNING * * *
The decayed bog body touches you.
* * * LOW HITPOINT WARNING * * *
The decayed bog body freezes you!
You die...

Action                   |  1- 3 |  4- 6 || total
-------------------------+-------+-------++-------
Melee: Hand axe          |    30 |    18 ||    48
Invok: Berserk           |     2 |     1 ||     3
Evoke: Wand              |     1 |     3 ||     4
  Use: Potion            |       |     1 ||     1

Vault maps used:
D:1:      dpeg_arrival_simpleton_b
D:2:      grunt_temple_overflow_open, first_bread, grunt_ministairs_13
D:3:      minitemple, kennysheep_generic_room_4
D:4:      nicolae_ru_great_annihilating_truth, nicolae_ossuary_entry_monument
Ossuary:  ossuary_zaba_flooded

Notes
Turn   | Place    | Note
--------------------------------------------------------------
     0 | D:1      | krae, the Deep Dwarf Berserker, began the quest for the Orb.
     0 | D:1      | Reached XP level 1. HP: 20/20 MP: 1/1
    38 | D:1      | Reached XP level 2. HP: 27/27 MP: 2/2
    40 | D:1      | Reached skill level 4 in Axes
   145 | D:3      | Noticed trelanon's ghost (average VSGl)
   148 | D:4      | Found a sand-covered staircase.
   161 | Ossuary  | Entered an ossuary
   176 | Ossuary  | Reached XP level 3. HP: 29/33 MP: 3/3
   177 | Ossuary  | Reached skill level 5 in Axes
   181 | Ossuary  | Reached XP level 4. HP: 35/40 MP: 4/4
   185 | Ossuary  | Reached skill level 6 in Axes
   220 | Ossuary  | Noticed a wyvern zombie
   229 | Ossuary  | Killed a wyvern zombie
   229 | Ossuary  | Reached XP level 5. HP: 46/46 MP: 5/5
   242 | Ossuary  | HP: 1/46 [decayed bog body (19)]
   246 | Ossuary  | Slain by a decayed bog body

Vanquished Creatures
  A wyvern zombie (Ossuary)
  2 bog bodies (Ossuary)
  A giant frog zombie (Ossuary)
  A mummy (Ossuary)
  A goblin (D:1)
  A hobgoblin (D:1)
  A kobold (D:1)
  A bat (D:1)
  A giant cockroach (D:2)
  4 jackals (D:1)
  A rat (D:1)
15 creatures vanquished.
